 Dungeon Crawl Stone Soup version 0.31-a0-538-gbc85326fa9 (webtiles) character file.

Game seed: 12300093643274982769

217 Zonian the Ruffian (level 5, -1/54 HPs)
             Began as an Octopode Shapeshifter on Aug 13, 2023.
             Slain by a goblin
             ... wielding a +0 dagger
              (3 damage)
             ... on level 4 of the Dungeon.
             The game lasted 00:04:11 (2243 turns).

Zonian the Ruffian (Octopode Shapeshifter)          Turns: 2243, Time: 00:04:12

Health: -1/54      AC:  1    Str: 16    XL:     5   Next: 94%
Magic:  0/5        EV: 13    Int: 11    God:
Gold:   806        SH:  0    Dex: 12    Spells: 4/4 levels left

rFire   x .          .
                       - Unarmed
rCold   + . .        (no shield)
rNeg    + . .        (helmet currently unavailable)
rPois   +            j - amulet of guardian spirit
rElec   .            d - ring of ice
rCorr   +            h - ring of poison resistance
SInv    .            s - ring of willpower
Will    +....        w - ring "Edoup" {rN+ rCorr} Stlth
                     (no ring)
HPRegen 0.29/turn    (no ring)
MPRegen 0.09/turn    (no ring)
                     (no ring)

%: guardian spirit
@: berserking, beast-form, very quick
A: beast (slay +2), almost no armour, amphibious, 8 rings, camouflage 1,
gelatinous body 1, (nimble swimmer 1), tentacles
a: Begin Untransformation


You were on level 4 of the Dungeon.
You were a hulking beast.
You visited 1 branch of the dungeon, and saw 4 of its levels.

You collected 806 gold pieces.

Inventory:

Jewellery
 d - a ring of ice (left tentacle)
 h - a ring of poison resistance (right tentacle)
 j - an amulet of guardian spirit (around mantle)
 s - a ring of willpower (on tentacle)
 w - the ring "Edoup" (on tentacle) {rN+ rCorr}
   (You acquired it on level 3 of the Dungeon)

   [ring of positive energy]

   rN+:       It protects you from negative energy.
   rCorr:     It protects you from acid and corrosion.
Talismans
 b - a beast talisman (active)
 c - a flux talisman
Scrolls
 e - a scroll of torment {unknown}
 g - 3 scrolls of identify {unknown}
 i - a scroll of immolation {unknown}
 o - a scroll of vulnerability {unknown}
 q - a scroll of poison
 r - a scroll of summoning {unknown}
 t - 2 scrolls of teleportation {unknown}
 u - a scroll of fog {unknown}
 v - a scroll of noise {unknown}
 x - 2 scrolls of fear {unknown}
Potions
 a - a potion of lignification
 f - a potion of berserk rage
 k - 2 potions of heal wounds {unknown}
 l - a potion of might {unknown}
 m - a potion of invisibility {unknown}
 n - a potion of degeneration {unknown}
 p - 3 potions of curing {unknown}


   Skills:
 + Level 2.8 Fighting
 + Level 3.3 Dodging
 + Level 4.1 Unarmed Combat
 + Level 3.7 Shapeshifting


You had 4 spell levels left.
You didn't know any spells.
Your spell library was empty.

Dungeon Overview and Level Annotations

Branches:
Dungeon (4/15)
 Temple: D:4-7

Altars:
Makhleb
Okawaru


Innate Abilities, Weirdness & Mutations

You are a hulking beast.
Your limbs bulge with bestial killing power. (Slay +2)
You cannot wear most types of armour.
You are amphibious.
You can wear up to eight rings at the same time.
Your skin changes colour to match your surroundings (Stealth+).
Your rubbery body absorbs attacks. (AC +1, EV +1)
((You are camouflaged when in or above water. (Stealth+)))
You have tentacles for arms and can constrict up to eight enemies at once.


Message History

The orc wizard mumbles some strange words.
The orc wizard flickers and vanishes!
Deactivating autopickup; reactivate with Ctrl-A.
A goblin comes into view. It is wielding a +0 dagger.
Something hits you.
Items here: ))) [ ††.
You bludgeon the orc priest! Your grab misses the orc priest.
The orc priest is heavily wounded.
The orc priest invokes the aid of Beogh against you.
Beogh smites you!
* * * LOW HITPOINT WARNING * * *
Something barely misses you.
You are too injured to fight recklessly!
Unknown command.
You closely miss the orc priest. Your grab misses the orc priest.
The orc priest is heavily wounded.
The orc priest calls down the wrath of Beogh upon you.
You resist with some effort. Something hits you.
* * * LOW HITPOINT WARNING * * *
Unknown command.
It was a potion of berserk rage.
A red film seems to cover your vision as you go berserk!
You feel yourself moving faster!
You feel mighty!
The orc priest hits you with a +2 short sword of speed.
* * * LOW HITPOINT WARNING * * *
Something hits you.
* * * LOW HITPOINT WARNING * * *
You bludgeon the orc priest!
You kill the orc priest!
You barely miss something. Something hits you.
* * * LOW HITPOINT WARNING * * *
You tentacle-slap something. Something barely misses you.
The goblin hits you with a +0 dagger.
* * * LOW HITPOINT WARNING * * *
You miss something. You closely miss something.
You hear some strange, mumbled words.
A puff of flame appears from out of thin air!
The puff of flame misses you. The goblin hits you with a +0 dagger.
You die...

##......###
.##......##
..#.####..# .
..#.##...## ..
......##..###
...
....####....###
.... ....#
#...##.### ...#
#...#
#........##...#
#####
##.....#.h{...#
#....####g####
....#### .#
..#### .. #.
..# # ..# ...
...


You could see a goblin.

Vanquished Creatures
  A phantom (D:3)
  An orc priest (D:4)
  3 adders
  3 worms
  A dart slug (D:2)
  6 orcs
  10 endoplasms
  2 giant cockroaches
  4 goblins (D:1)
  A hobgoblin (D:2)
  5 jackals
  5 kobolds
  2 quokkas
  7 ball pythons
  5 bats
  5 frilled lizards
  6 rats
67 creatures vanquished.

Notes
Turn   | Place    | Note
-------+----------+-------------------------------------------
     0 | D:1      | Zonian the Octopode Shapeshifter began the quest for the
                  | Orb.
     0 | D:1      | Reached XP level 1. HP: 13/13 MP: 1/1
    26 | D:1      | Reached XP level 2. HP: 3/18 MP: 2/2
   651 | D:2      | Reached XP level 3. HP: 18/23 MP: 3/3
  1234 | D:3      | Reached XP level 4. HP: 29/29 MP: 4/4
  1538 | D:3      | Noticed a phantom
  1555 | D:3      | Killed a phantom
  1556 | D:3      | Reached XP level 5. HP: 30/35 MP: 3/5
  1584 | D:3      | Found an iron altar of Okawaru.
  1587 | D:3      | Found a burning altar of Makhleb.
  1634 | D:3      | Reached skill level 4 in Unarmed Combat
  1785 | D:3      | Identified 2 scrolls of acquirement
  1785 | D:3      | Acquired the ring "Edoup" {rN+ rCorr}
  2088 | D:3      | Acquired 598 gold pieces
  2241 | D:4      | HP: 1/54 [goblin/+0 dagger (2)]
  2243 | D:4      | Slain by a goblin

Illustrated notes

Levels and vault maps discovered:
D:1:      ebering_hopf_link, layout_rooms, minmay_misc_feat_rugged,
          minmay_misc_feat_five
D:2:      layout_rooms, fountainhead, minmay_door_square, grunt_ministairs_9
D:3:      minmay_bubble_buster, layout_basic, gammafunk_temple_overflow_statue
D:4:      layout_cave_pools, ebering_ghost_sewer_d, grunt_ministairs_12,
          chequers_serial_rivers_room_a, kennysheep_another_room,
          nrook_mini_backslash

Skill      XL: |  1  2  3  4  5 |
---------------+----------------+-----
Fighting       | 2 |  2.8
Dodging        | 3 |  3.3
Unarmed Combat | 4 |  4.1
Shapeshifting  | |  3.7

Action                     |  1- 3 |  4- 6 || total
---------------------------+-------+-------++-------
  Melee: Unarmed           |    77 |    62 ||   139
         Constrict         |    23 |    11 ||    34
         Tentacles         |    17 |     9 ||    26
         Punch             |     3 |     2 ||     5
    Use: Scroll            |       |     3 ||     3
         Potion            |       |     1 ||     1
   Stab: Sleeping          |     4 |     3 ||     7
 Armour: Skin              |     1 |     2 ||     3
  Dodge: Dodged            |    45 |    34 ||    79

Table legend: (Time is in decaauts)
 A = Elapsed time spent in this place.
 B = Non-inter-level travel time spent in this place.
 C = Inter-level travel time spent in this place.
 D = Time resting spent in this place.
 E = Time spent auto-exploring this place.
 F = Levels seen in this place.
 G = Mean time per level.
                   A        B        C        D        E       F      G
               +--------+--------+--------+--------+--------+-----+--------+
         Total |   2230 |   2179 |     51 |    448 |   1292 |   4 |  557.5 |
       Dungeon |   2230 |   2179 |     51 |    448 |   1292 |   4 |  557.5 |
               +--------+--------+--------+--------+--------+-----+--------+

Top non-repeatable levels by time:
     D:3: 878 daAuts
     D:1: 621 daAuts
     D:2: 594 daAuts
     D:4: 135 daAuts
